Map: Dasan Station LE

Players

Fropez

  • Race: Protoss Protoss
  • League: Gold
  • Spawn Location: 6:00

Walrai - Winner!

  • Race: Protoss Protoss
  • League: Silver
  • Spawn Location: 12:00

VOD

Have the link to the VOD?

Description

Time

  • Played on: Sept. 26, 2016, 6:27 p.m.
  • Length: 11:45
Show
View Real Time Build Order
Export as new Build Order

Fropez Protoss 

Build Orders:  

Get SALT Encoding   

  12  0:14  Pylon, Probe (Chrono Boost)  
  13  0:25  Probe (Chrono Boost)  
  14  0:34  Gateway  
  14  0:36  Probe (Chrono Boost)  
  15  0:46  Probe (Chrono Boost)  
  16  0:56  Assimilator  
  17  0:57  Probe (Chrono Boost)  
  17  1:04  Pylon  
  17  1:06  Assimilator  
  17  1:07  Probe (Chrono Boost)  
  18  1:18  Probe (Chrono Boost)  
  19  1:28  Probe (Chrono Boost)  
  20  1:39  Probe (Chrono Boost), Cybernetics Core  
  21  1:49  Probe (Chrono Boost)  
  22  1:56  Pylon  
  22  2:07  Probe (Chrono Boost)  
  23  2:15  Adept (Chrono Boost)  
  23  2:19  Mothership Core  
  27  2:26  Pylon  
  27  2:34  Pylon  
  26  2:40  Probe  
  27  2:55  Warp Gate (Chrono Boost)  
  27  3:04  Pylon  
  27  3:05  Nexus  
  27  3:10  Stalker (Chrono Boost)  
  29  3:15  Probe  
  29  3:18  Pylon  
  30  3:27  Gateway  
  30  3:32  Probe  
  30  3:33  Pylon  
  31  3:38  Stalker (Chrono Boost)  
  33  3:44  Probe  
  33  3:47  Twilight Council  
  34  3:53  Pylon  
  34  3:56  Probe  
  34  4:01  Pylon  
  35  4:04  Stalker  
  35  4:08  Probe  
  38  4:20  Probe  
  38  4:21  Probe  
  40  4:34  Probe  
  40  4:36  Blink (Chrono Boost)  
  40  4:38  Pylon  
  41  4:45  Pylon, Probe, Robotics Facility  
  42  4:58  Probe  
  42  5:07  Gateway  
  42  5:12  Assimilator  
  42  5:16  Pylon, Probe  
  42  5:20  Forge  
  43  5:26  Stalker x2  
  47  5:28  Probe  
  47  5:32  Observer  
  49  5:42  Probe, Assimilator  
  50  5:43  Probe  
  51  5:54  Stalker  
  51  5:55  Probe  
  51  5:56  Stalker  
  56  6:00  Protoss Ground Weapons Level 1 (Chrono Boost)  
  56  6:06  Probe  
  56  6:07  Probe  
  56  6:08  Observer  
  59  6:20  Stalker x2  
  59  6:21  Probe  
  59  6:22  Probe  
  65  6:36  Probe  
  66  6:40  Stalker  
  66  6:44  Stalker x2  
  72  6:51  Warp Prism  
  72  7:09  Probe x2  
  74  7:22  Nexus  
  74  7:26  Pylon  
  74  7:27  Pylon  
  74  7:28  Probe  
  74  7:29  Probe  
  76  7:31  Assimilator  
  76  7:34  Assimilator  
  76  7:46  Stalker x3  
  76  7:50  Warp Prism  
  76  7:51  Protoss Ground Weapons Level 2 (Chrono Boost)  
  84  7:58  Pylon  
  84  8:09  Gateway  
  84  8:12  Gateway  
  84  8:13  Pylon, Probe x2, Gateway  
  86  8:21  Stalker  
  86  8:22  Stalker x2  
  92  9:03  Probe  
  92  9:05  Probe  
  92  9:06  Probe  
  89  9:18  Probe  
  89  9:19  Stalker x3  
  89  9:20  Probe  
  97  9:31  Stalker x3  
  97  9:50  Stalker x2  
  97  9:51  Stalker  
  101  10:13  Mothership Core  
  97  10:16  Gateway  
  97  10:18  Gateway  
  97  10:20  Gateway  
  92  10:24  Gateway  
  92  10:26  Gateway  
  77  10:32  Stalker  
  77  10:33  Stalker x2  
  60  11:02  Immortal (Chrono Boost)  
  60  11:03  Zealot x2  
  48  11:35  Nexus  
  48  11:37  Pylon  
  48  11:39  Pylon  
Show
View Real Time Build Order
Export as new Build Order

Walrai Protoss - Winner!

Build Orders:  

Get SALT Encoding   

  12  0:02  Probe (Chrono Boost)  
  13  0:13  Probe (Chrono Boost)  
  14  0:22  Pylon  
  14  0:23  Probe (Chrono Boost)  
  15  0:41  Probe (Chrono Boost), Gateway  
  16  0:52  Probe (Chrono Boost)  
  16  0:55  Assimilator  
  17  1:03  Pylon  
  17  1:05  Probe (Chrono Boost)  
  18  1:15  Probe (Chrono Boost)  
  19  1:26  Probe (Chrono Boost)  
  20  1:36  Probe (Chrono Boost)  
  20  1:37  Cybernetics Core  
  20  1:38  Gateway  
  22  1:47  Probe (Chrono Boost)  
  22  1:55  Pylon  
  22  2:06  Probe (Chrono Boost)  
  23  2:16  Probe (Chrono Boost)  
  23  2:17  Gateway  
  23  2:21  Assimilator  
  24  2:26  Stalker  
  24  2:27  Mothership Core (Chrono Boost)  
  28  2:32  Stalker  
  30  2:45  Probe (Chrono Boost)  
  31  2:56  Probe (Chrono Boost), Stalker  
  34  3:01  Pylon  
  34  3:13  Warp Gate (Chrono Boost)  
  34  3:14  Stalker  
  34  3:16  Stalker  
  38  3:38  Robotics Facility  
  38  3:43  Probe  
  38  3:45  Stalker  
  41  3:57  Pylon  
  41  4:02  Stalker  
  43  4:13  Nexus  
  43  4:18  Probe  
  44  4:26  Observer  
  44  4:31  Probe  
  50  4:46  Pylon  
  50  4:51  Probe  
  47  5:11  Warp Prism (Chrono Boost)  
  49  5:38  Stalker x3  
  55  5:45  Probe  
  55  5:46  Gateway  
  55  5:47  Probe, Gateway  
  55  5:49  Gateway  
  57  5:52  Twilight Council  
  57  5:56  Probe  
  57  5:59  Probe  
  59  6:19  Stalker x2  
  59  6:20  Stalker  
  59  6:25  Forge  
  65  6:48  Stalker x3  
  69  7:05  Stalker x3  
  69  7:07  Immortal (Chrono Boost)  
  65  7:12  Probe, Protoss Ground Weapons Level 1  
  65  7:14  Probe, Robotics Facility  
  67  7:20  Pylon  
  67  7:23  Probe  
  67  7:26  Probe  
  69  7:30  Assimilator  
  69  7:33  Stalker  
  69  7:34  Assimilator, Stalker  
  69  7:36  Zealot x2  
  77  8:01  Blink  
  77  8:24  Immortal (Chrono Boost)  
  81  8:28  Nexus  
  81  8:30  Pylon, Immortal (Chrono Boost)  
  81  8:33  Pylon  
  76  9:01  Stalker x4  
  76  9:02  Stalker  
  83  9:23  Stalker  
  85  9:24  Stalker  
  85  9:26  Zealot x2  
  85  9:29  Probe  
  92  9:38  Pylon  
  79  10:06  Immortal x2 (Chrono Boost)  
  81  10:14  Stalker  
Tags
 
Matchup
PvP
Replay Pack
All Mines
Spawn Locations
Cross Positions
Add a new tag
Caveats
  • Supply blocks, unpowered buildings, or Contaminate may cause inaccurate times.
  • Supply counts are checked every 10 seconds.